cohdb
Replays
Latest Replays
All Replays
Popular Replays
Top Player Replays
Match Explorer
How It Works
Community
CoH3 Stats
Reddit
Sign in to upload your games and track your stats! →
Sign in with Steam
Match 44243663
Unlisted
Match 44243663
Overview
Messages
Build Orders
End
Selects Airborne Battlegroup
Selects Pathfinders
Construct Weapon Support Center
M1919 Machine Gun Team
Bazooka Squad
Bazooka Squad
Selects Paratrooper Squad Paradrop
Paratrooper Squad Paradrop
Mechanized Support Center
Paratrooper Squad Paradrop
Paratrooper Squad Paradrop
Improved M9 Bazooka Rockets
Construct Tank Depot
Selects Anti-tank Gun Team Paradrop
Paratrooper Squad Paradrop
Anti-tank Gun Team Paradrop
Bazooka Squad
Selects Recon Loiter
Selects Supply Drop
Bazooka Squad
Engineer Squad
Recon Loiter
Salvage Crew
M1919 Machine Gun Team
Recon Loiter
Construct Tank Depot
M4A1 Sherman Medium Tank
Bazooka Squad
M4A1 Sherman Medium Tank
Recon Loiter
M4A1 Sherman Medium Tank
M4A1 Sherman Medium Tank
Recon Loiter
M4A1 76mm Conversion
M4A1(76) Sherman Medium Tank
Longbowmen80
Fungers 🌹
Gwangju's Hero Chun Doo-gwang
freedman1984
月夜笑猫
Mr.Faraam
SuurSaadik
ikersus25
0
0
Comments
sign in to comment!
No comments posted yet!